 Dungeon Crawl Stone Soup version 0.28-a0-1117-g0bdd5ba030 (webtiles) character file.

Game seed: 8574507375923209958

65 fragbeetle the Insei (level 4, -3/33 HPs)
             Began as a Merfolk Transmuter on Dec 12, 2021.
             Slain by a goblin (5 damage)
             ... led by Robin
             ... on level 2 of the Dungeon.
             The game lasted 00:05:40 (2108 turns).

fragbeetle the Insei (Merfolk Transmuter)           Turns: 2108, Time: 00:05:41

Health: -3/33      AC:  2    Str: 12    XL:     4   Next: 14%
Magic:  7/7        EV: 13    Int: 12    God:
Gold:   67         SH:  0    Dex: 14    Spells: 4/8 levels left

rFire   . . .      SeeInvis .     - Unarmed
rCold   . . .      Faith    .   (no shield)
rNeg    . . .      Spirit   .   a - +0 robe
rPois   .          Reflect  .   (helmet currently unavailable)
rElec   .          Harm     .   (no cloak)
rCorr   .          Rampage  .   (no gloves)
Will    .....                   (boots currently unavailable)
Stlth   +.........              (no amulet)
HPRegen 0.11/turn               (no ring)
MPRegen 0.10/turn               (no ring)

@: appendages (expiring)
A: horns 2, (nimble swimmer 2), mertail
a: End Transformation


You were on level 2 of the Dungeon.
You had temporarily grown beastly horns.
You visited 1 branch of the dungeon, and saw 3 of its levels.

You collected 67 gold pieces.

Inventory:

Missiles
 i - 57 stones
Armour
 a - a +0 robe (worn)
Scrolls
 b - a scroll of noise {unknown}
 d - a scroll of fog {unknown}
 e - 2 scrolls of teleportation {unknown}
 f - a scroll of torment {unknown}
 g - 3 scrolls of summoning {unknown}
 h - 2 scrolls of identify {unknown}
 j - a scroll of immolation {unknown}
Potions
 c - 2 potions of brilliance {unknown}
 k - a potion of cancellation {unknown}
 l - a potion of haste {unknown}


   Skills:
 * Level 2.3 Fighting
 * Level 3.0 Dodging
 + Level 4.0 Unarmed Combat
 + Level 2.5 Spellcasting
 * Level 3.2 Transmutations
 * Level 0.2 Poison Magic


You had 4 spell levels left.
You knew the following spells:

 Your Spells              Type           Power      Damage    Failure   Level
a - Beastly Appendage     Tmut           18%        N/A       7%          1
b - Spider Form           Tmut/Pois      5%         N/A       36%         3

Your spell library contained the following spells:

 Spells                   Type           Power      Damage    Failure   Level
 Wereblood                Tmut           9%         N/A       11%         2
 Ice Form                 Ice/Tmut       5%         N/A       80%         4


Dungeon Overview and Level Annotations

Branches:
Dungeon (3/15)

Altars:


Innate Abilities, Weirdness & Mutations

You have temporarily grown beastly horns.
((You are quick and stealthy near water. (Stealth+, EV+, Speed+++)))
Your lower body shifts to a powerful aquatic tail in water.


Message History

You closely miss the goblin.
You headbutt the goblin, but do no damage.
The goblin hits you with a +0 club. The goblin closely misses you.
You closely miss the goblin.
A goblin comes into view. It is wielding a +0 dagger.
Robin throws the goblin at you! The goblin misses you.
The goblin barely misses you.
The goblin shouts!
The goblin misses you. Robin closely misses you.
The goblin hits you with a +0 dagger.
You climb upwards.
There is a stone staircase leading down here.
You barely miss Robin. Your headbutt misses Robin.
The goblin hits you with a +0 dagger.
You barely miss Robin. You closely miss Robin. The goblin barely misses you.
Robin roars a battlecry!
The goblins go into a battle-frenzy!
You punch Robin! You headbutt Robin.
Robin is severely wounded.
Your transformation is almost over.
The goblin completely misses you.
Robin says, "A pitiful Merfolk like you will never find the ORB!"
You hit Robin.
Robin is almost dead.
The goblin hits you with a +0 dagger. Robin closely misses you.
You closely miss Robin. You headbutt Robin.
You kill Robin!
Your Dodging skill increases to level 3!
You have reached level 4!
You barely miss the goblin. The goblin closely misses you.
The goblin hits you with a +0 club.
* * * LOW HITPOINT WARNING * * *
You miss the goblin.
The goblin hits you but does no damage. x2
You hit the goblin.
The goblin is moderately wounded.
The goblin hits you with a +0 dagger.
* * * LOW HITPOINT WARNING * * *
The goblin hits you with a +0 club.
You die...

..........# #.######
#######.#.# #.#
.)....#.#.# #.#
......#.#.# #.#
...####.#.# #.# ...#
#.#.# #.#
...####.#.# #.#
........#.###.####
...............g@#
........#.###.#g##
........#.###.#.#
........#.....#.#
+##.....#######.#
.##.....#.#####.####
.##.....#..........#
.##.....#.#####.##.#
...)..#.#.# #....#.#


You could see 2 goblins.

Vanquished Creatures
  Robin (D:2)
  An adder (D:2)
  A dart slug (D:1)
  An endoplasm (D:1)
  2 giant cockroaches (D:1)
  8 goblins
  8 hobgoblins
  3 kobolds
  A quokka (D:2)
  A ball python (D:2)
  4 bats
  2 frilled lizards (D:2)
  7 rats
40 creatures vanquished.

Notes
Turn   | Place    | Note
-------+----------+-------------------------------------------
     0 | D:1      | fragbeetle the Merfolk Transmuter began the quest for the
                  | Orb.
     0 | D:1      | Reached XP level 1. HP: 15/15 MP: 3/3
    96 | D:1      | Reached XP level 2. HP: 20/21 MP: 3/5
   279 | D:1      | Found a faded altar of an unknown god.
   768 | D:2      | Reached XP level 3. HP: 25/27 MP: 4/6
   911 | D:2      | Learned a level 3 spell: Spider Form
  1692 | D:3      | Noticed a scorpion
  1995 | D:3      | Noticed Robin
  2044 | D:2      | Reached skill level 4 in Unarmed Combat
  2105 | D:2      | Killed Robin
  2106 | D:2      | Reached XP level 4. HP: 11/33 MP: 7/7
  2108 | D:2      | Slain by a goblin

Illustrated notes

Levels and vault maps discovered:
D:1:      wander_arrival_lonely_grave, layout_basic,
          hellmonk_ecumenical_altar_zigzags
D:2:      layout_basic
D:3:      layout_basic, vehumet_altar_wand_db, uniq_robin, uniq_sigmund

Skill      XL: |  1  2  3 |
---------------+----------+-----
Fighting       | 2 |  2.3
Transmutations | 3 |  3.2
Unarmed Combat | 4 |  4.0
Dodging        | 3 |  3.0
Spellcasting   | |  2.5
Poison Magic   | |  0.2

Action                   |  1- 3 |  4- 6 || total
-------------------------+-------+-------++-------
Melee: Unarmed           |   128 |     3 ||   131
       Headbutt          |    14 |       ||    14
       Punch             |     1 |       ||     1
 Cast: Beastly Appendage |    26 |       ||    26
 Stab: Sleeping          |     1 |       ||     1
Armor: Robe              |    27 |     2 ||    29
Dodge: Dodged            |    74 |     1 ||    75

Table legend: (Time is in decaauts)
 A = Elapsed time spent in this place.
 B = Non-inter-level travel time spent in this place.
 C = Inter-level travel time spent in this place.
 D = Time resting spent in this place.
 E = Time spent auto-exploring this place.
 F = Levels seen in this place.
 G = Mean time per level.
                   A        B        C        D        E       F      G
               +--------+--------+--------+--------+--------+-----+--------+
         Total |   2102 |   2036 |     66 |    504 |    833 |   3 |  700.7 |
       Dungeon |   2102 |   2036 |     66 |    504 |    833 |   3 |  700.7 |
               +--------+--------+--------+--------+--------+-----+--------+

Top non-repeatable levels by time:
     D:2: 1391 daAuts
     D:1: 647 daAuts
     D:3: 63 daAuts
